 Dungeon Crawl Stone Soup version 0.29-a0-993-g4a18f31a58 (webtiles) character file.

Game seed: 2114280624612278955

2202 iguanaiguana the Geomancer (level 9, -10/48 HPs)
             Began as a Gargoyle Earth Elementalist on Aug 3, 2022.
             Was an Initiate of Vehumet.
             Mangled by a two-headed ogre
             ... wielding a +0 giant club
              (30 damage)
             ... on level 7 of the Dungeon.
             The game lasted 00:25:22 (7652 turns).

iguanaiguana the Geomancer (GrEE)                   Turns: 7652, Time: 00:25:22

Health: -10/48     AC: 15    Str: 12    XL:     9   Next: 34%
Magic:  0/22       EV: 11    Int: 20    God:    Vehumet [......]
Gold:   91         SH:  5    Dex: 16    Spells: 4/14 levels left

rFire   . . .      SeeInvis .   b - +2 short sword (venom)
rCold   . . .      Faith    .   p - +0 buckler
rNeg    + . .      Spirit   +   N - +0 acid dragon scales
rPois   ∞          Reflect  .   (no helmet)
rElec   +          Harm     .   A - +1 cloak {rCorr}
rCorr   +          Rampage  .   (no gloves)
Will    .....                   (no boots)
Stlth   ++........              B - amulet of guardian spirit
HPRegen 0.16/turn               g - +6 ring of dexterity
MPRegen 0.18/turn               h - ring of magical power

@: no status effects
A: sickness immunity, AC +6, negative energy resistance 1, electricity
resistance, torment resistance 1, petrification resistance
a: Renounce Religion


You were on level 7 of the Dungeon.
You worshipped Vehumet.
Vehumet was noncommittal.
You visited 2 branches of the dungeon, and saw 8 of its levels.
You also visited: Sewer.

You collected 416 gold pieces.
You spent 325 gold pieces at shops.

Inventory:

Hand Weapons
 a - the +5 sling of Oenomania {freeze, Int+2 Dex+4 SInv}
   (You found it on level 5 of the Dungeon)

   Any ammunition fired from it freezes those it strikes, dealing additional
   cold damage.
   It can also slow down cold-blooded creatures.
   Int:       It affects your intelligence (+2).
   Dex:       It affects your dexterity (+4).
   SInv:      It lets you see invisible.
 b - a +2 short sword of venom (weapon)
Missiles
 s - 12 poisoned darts
 u - 3 throwing nets
 L - 2 boomerangs of dispersal
Armour
 p - a +0 buckler (worn)
 A - a +1 cloak of preservation (worn)
 N - +0 acid dragon scales (worn)
Jewellery
 g - a +6 ring of dexterity (left hand)
 h - a ring of magical power (right hand)
 t - a ring of ice
 B - an amulet of guardian spirit (around neck)
 D - a ring of protection from cold
 I - a ring of see invisible
Wands
 n - a wand of roots (13)
 C - a wand of flame (13)
 J - a wand of paralysis (13)
Scrolls
 c - 10 scrolls of identify {@r1}
 f - a scroll of summoning {unknown}
 k - a scroll of poison {unknown}
 m - 3 scrolls of teleportation {@r3}
 o - a scroll of enchant armour {unknown}
 q - 2 scrolls of vulnerability {unknown}
 r - 2 scrolls of enchant weapon {unknown}
 v - 3 scrolls of immolation {unknown}
 x - a scroll of amnesia {unknown}
 G - a scroll of noise {unknown}
 K - 2 scrolls of magic mapping {unknown}
 M - a scroll of fear {unknown}
Potions
 d - 4 potions of resistance {unknown}
 e - a potion of mutation {unknown}
 i - 4 potions of curing {@q1}
 l - 4 potions of heal wounds {unknown}
 w - a potion of attraction {unknown}
 y - 2 potions of magic
 E - 3 potions of lignification {unknown}
 F - a potion of cancellation {unknown}
 H - a potion of experience {unknown}


   Skills:
 - Level 2.3 Fighting
 - Level 2.0 Armour
 - Level 1.5 Dodging
 - Level 2.1 Stealth
 - Level 3.8 Shields
 - Level 3.0 Spellcasting
 - Level 6.0 Conjurations
 - Level 4.0 Transmutations
 + Level 9.6 Earth Magic
 - Level 2.0 Evocations


You had 4 spell levels left.
You knew the following spells:

 Your Spells              Type           Power      Damage    Failure   Level
a - Sandblast             Erth           82%        2d17      1%          1
b - Stone Arrow           Conj/Erth      68%        3d11      3%          3
c - Passwall              Tmut/Erth      25%        N/A       2%          2
d - Petrify               Tmut/Erth      30%        N/A       17%         4

Your spell library contained the following spells:

 Spells                   Type           Power      Damage    Failure   Level
 Scorch                   Fire           6%         2d5       38%         2
 Flame Wave               Conj/Fire      15%        2d7       61%         4
 Frozen Ramparts          Ice            6%         1d8       63%         3
 Gell's Gravitas          Tloc           3%         N/A       63%         3
 Lesser Beckoning         Tloc           3%         N/A       63%         3
 Teleport Other           Tloc           3%         N/A       63%         3
 Ice Form                 Ice/Tmut       11%        N/A       75%         4
 Summon Ice Beast         Ice/Summ       3%         N/A       95%         4
 Dispersal                Tloc           1%         N/A       100%        6
 Summon Cactus Giant      Summ           1%         N/A       100%        6


Dungeon Overview and Level Annotations

Branches:
Dungeon (7/15) Zot: 26495  Temple (1/1) D:5 Zot: 5925   Sewer (visited)

Altars:
Cheibriados
Elyvilon
Fedhas
Gozag
Hepliaklqana
Kikubaaqudgha
Makhleb
Nemelex Xobeh
Okawaru
Qazlal
Ru
Sif Muna
Uskayaw
Vehumet
Wu Jian
Xom
Yredelemnul
Zin
The Shining One

Shops:
D:2 *   D:5 (*

Annotations:
D:5 1 runed translucent door, RevDB's ghost, novice MiFi
D:7 Joseph


Innate Abilities, Weirdness & Mutations

You are immune to sickness and miasma.
Your stone body is resilient. (AC +6)
You are immune to poison.
You resist negative energy. (rN+)
You are resistant to electric shocks. (rElec)
You are resistant to unholy torment.
You are immune to petrification.


Message History

The helpless two-headed ogre fails to defend itself.
You puncture the two-headed ogre!
The two-headed ogre is poisoned.
The two-headed ogre is lightly wounded.
You hear some strange, mumbled words.
A puff of flame appears from out of thin air!
The puff of flame hits you.
The helpless two-headed ogre fails to defend itself.
You hit the two-headed ogre.
The two-headed ogre looks as sick as possible!
The two-headed ogre is lightly wounded.
The helpless two-headed ogre fails to defend itself.
You puncture the two-headed ogre!
The two-headed ogre looks as sick as possible!
The two-headed ogre is moderately wounded.
The helpless two-headed ogre fails to defend itself.
You hit the two-headed ogre.
The two-headed ogre looks as sick as possible!
The two-headed ogre is moderately wounded.
Something hits you.
The helpless two-headed ogre fails to defend itself.
You hit the two-headed ogre.
The two-headed ogre looks as sick as possible!
The two-headed ogre is moderately wounded.
The two-headed ogre is no longer petrified.
You hear some strange, mumbled words.
You are confused.
The two-headed ogre hits you with a +0 giant club!!
Ouch! That really hurt!
* * * LOW HITPOINT WARNING * * *
The two-headed ogre hits you with a +0 giant club!
* * * LOW HITPOINT WARNING * * *
Okay, then.
You are too confused!
Unknown command.
Okay, then.
Okay, then.
It was a potion of curing.
You feel better.
The two-headed ogre hits you with a +0 giant club!!
Ouch! That really hurt!
You die...

....... #####.# #.. #..
. #. #.. #.# .# .#.##'##
#.# .#. ..#...##
#.###.##.##.....##
#.#...##.#.......##
###....###..........####
...............{@...'...
###....###.....O....####
#........#.......##
####.######.....## #.#
##...## #.# ##'##
#.########.#
##.##.......######
#...#.####.......#


You could see a two-headed ogre (extremely poisoned).

Vanquished Creatures
  Pikel (D:6)
  Prince Ribbit (D:5)
  An acid dragon (D:7)
  An orc warrior (D:6)
  A black bear (D:5)
  An ice beast (D:7)
  2 bullfrogs
  A scorpion (D:5)
  A necrophage (D:5)
  3 wights (D:7)
  4 hounds
  A jelly (D:5)
  2 orc priests (D:6)
  6 iguanas
  A hell rat (Sewer)
  Natasha (twice) (D:2)
  3 orc wizards
  11 gnolls
  5 adders
  A river rat (Sewer)
  A white imp (D:6)
  2 worms
  7 dart slugs
  10 orcs
  4 ball pythons
  9 bats
  5 endoplasms
  6 giant cockroaches
  7 goblins
  6 hobgoblins
  2 jackals (D:4)
  11 kobolds
  3 quokkas (D:2)
  9 rats
131 creatures vanquished.

Vanquished Creatures (others)
  2 fungi (D:2)
  3 plants (D:2)
5 creatures vanquished.

Grand Total: 136 creatures vanquished

Notes
Turn   | Place    | Note
-------+----------+-------------------------------------------
     0 | D:1      | iguanaiguana the Gargoyle Earth Elementalist began the
                  | quest for the Orb.
     0 | D:1      | Reached XP level 1. HP: 10/10 MP: 3/3
   104 | D:1      | Reached skill level 4 in Earth Magic
   255 | D:1      | Reached XP level 2. HP: 15/15 MP: 3/5
  1006 | D:1      | Reached XP level 3. HP: 19/19 MP: 3/6
  1007 | D:1      | Reached skill level 5 in Earth Magic
  1161 | D:1      | Learned a level 3 spell: Stone Arrow
  1164 | D:1      | Learned a level 2 spell: Passwall
  1521 | D:2      | Reached skill level 1 in Conjurations
  1632 | D:2      | Found Waypnos's General Store.
  1643 | D:2      | Bought a +0 buckler for 45 gold pieces
  1683 | D:2      | Found a faded altar of an unknown god.
  1712 | D:2      | Bought a scroll of identify for 20 gold pieces
  1712 | D:2      | Bought a scroll of teleportation for 30 gold pieces
  1886 | D:2      | Reached skill level 1 in Shields
  1886 | D:2      | Reached XP level 4. HP: 24/24 MP: 4/7
  2088 | D:2      | Noticed Natasha
  2108 | D:2      | Killed Natasha
  2237 | D:2      | Noticed Natasha
  2242 | D:2      | Killed Natasha
  2243 | D:2      | Reached XP level 5. HP: 23/28 MP: 4/8
  2614 | D:3      | Reached skill level 6 in Earth Magic
  3211 | D:3      | Found an ancient bone altar of Kikubaaqudgha.
  3315 | D:3      | Found a white marble altar of Elyvilon.
  3815 | D:4      | Reached XP level 6. HP: 30/32 MP: 10/10
  4785 | D:5      | Entered Level 5 of the Dungeon
  4851 | D:5      | Found a runed translucent door.
  4852 | D:5      | Noticed RevDB's ghost (novice MiFi)
  4909 | D:4      | Reached skill level 5 in Conjurations
  4909 | D:4      | Reached XP level 7. HP: 31/36 MP: 11/11
  4949 | D:5      | Noticed Prince Ribbit
  4954 | D:5      | Killed Prince Ribbit
  4955 | D:5      | Reached skill level 1 in Fighting
  4955 | D:5      | Reached skill level 1 in Armour
  5158 | D:5      | Reached skill level 1 in Evocations
  5158 | D:5      | Identified the +5 sling of Oenomania {freeze, Int+2 Dex+4
                  | SInv}
  5189 | D:5      | Found a staircase to the Ecumenical Temple.
  5193 | Temple   | Entered the Ecumenical Temple
  5254 | Temple   | Became a worshipper of Vehumet
  5285 | D:5      | Identified the +8 mace "Hylath" {vorpal, *Slow rElec Dex+4}
  5304 | D:5      | Found Aguveico's Assorted Antiques.
  5312 | D:5      | Bought a glowing cloak for 150 gold pieces
  5337 | D:5      | Bought a jewelled iron wand for 80 gold pieces
  5611 | D:5      | Found Lirph's Antique Weapon Emporium.
  5721 | D:5      | Reached XP level 8. HP: 44/44 MP: 12/12
  6096 | D:6      | Found a basalt altar of Yredelemnul.
  6177 | D:6      | Found a blossoming altar of Fedhas.
  6214 | D:6      | Found a glowing drain.
  6235 | Sewer    | Entered a sewer
  6550 | D:6      | Reached skill level 7 in Earth Magic
  6615 | D:6      | Found a glowing silver altar of Zin.
  6643 | D:6      | Noticed Pikel
  6653 | D:6      | Killed Pikel
  6659 | D:6      | Learned a level 4 spell: Petrify
  6817 | D:6      | Reached XP level 9. HP: 37/48 MP: 8/13
  7120 | D:6      | Reached skill level 8 in Earth Magic
  7157 | D:7      | Noticed a two-headed ogre
  7225 | D:7      | Noticed Joseph
  7382 | D:7      | Reached skill level 9 in Earth Magic
  7652 | D:7      | Mangled by a two-headed ogre

Illustrated notes

Levels and vault maps discovered:
D:1:      sevenhm_arrival_forest_fort_small_5, layout_loops_corners,
          kennysheep_decorative_pillar, chequers_big_river, chequers_jeans
D:2:      minmay_skewed_foursquare, layout_rooms,
          shapermc_ecumenical_altar_petra, serial_shops,
          nicolae_shop_waterfront, uniq_natasha
D:3:      layout_basic, mainiacjoe_overflow_catwalk_spiral
D:4:      layout_basic, kennysheep_windowed_goal
D:5:      layout_gridville, minmay_temple_entry_glassed_door, serial_shops,
          shop, nicolae_shop_advertising_works [nicolae_subvault_shop_adworks],
          gammafunk_ghost_grave, uniq_prince_ribbit1
D:6:      layout_loops_ring, zin_treasury, mainiacjoe_overflow_paths,
          mainiacjoe_overflow_concentric_impassable, gup_sewer_entry_glass,
          uniq_pikel
D:7:      minmay_flawed_box, layout_loops_corners, uniq_menkaure, uniq_joseph
Temple:   zaba_magenta_temple

Skill      XL: |  1  2  3  4  5  6  7  8  9 |
---------------+----------------------------+-----
Earth Magic    | 4 5 6 7 9 |  9.6
Conjurations   | 1 2 5 6 |  6.0
Shields        | 1 2 3 |  3.8
Spellcasting   | 3 |  3.0
Fighting       | 2 |  2.3
Armour         | 2 |  2.0
Evocations     | 2 |  2.0
Transmutations | 4 |  4.0
Dodging        | |  1.5
Stealth        | |  2.1

Action                   |  1- 3 |  4- 6 |  7- 9 || total
-------------------------+-------+-------+-------++-------
Melee: Mace              |     6 |     5 |       ||    11
       Short sword       |       |       |     5 ||     5
 Fire: Sling             |       |       |    43 ||    43
 Cast: Sandblast         |    43 |   101 |    18 ||   162
       Stone Arrow       |       |     7 |    48 ||    55
       Petrify           |       |       |     1 ||     1
  Use: Potion            |       |       |     1 ||     1
 Stab: Petrified         |       |       |     5 ||     5
Armor: Robe              |     2 |       |       ||     2
       Leather armour    |     9 |    23 |    11 ||    43
       Acid dragon scale |       |       |     6 ||     6
Dodge: Dodged            |    18 |    40 |    14 ||    72
Block: Buckler           |     1 |    16 |    12 ||    29

Table legend: (Time is in decaauts)
 A = Elapsed time spent in this place.
 B = Non-inter-level travel time spent in this place.
 C = Inter-level travel time spent in this place.
 D = Time resting spent in this place.
 E = Time spent auto-exploring this place.
 F = Levels seen in this place.
 G = Mean time per level.
                   A        B        C        D        E       F      G
               +--------+--------+--------+--------+--------+-----+--------+
         Total |   7865 |   6976 |    889 |    625 |   5158 |   9 |  873.9 |
       Dungeon |   7688 |   6817 |    871 |    625 |   5108 |   7 | 1098.3 |
        Temple |     74 |     56 |     18 |      0 |     50 |   1 |   74.0 |
         Sewer |    102 |    102 |      0 |      0 |      0 |   1 |  102.0 |
               +--------+--------+--------+--------+--------+-----+--------+

Top non-repeatable levels by time:
     D:3: 1620 daAuts
     D:1: 1435 daAuts
     D:5: 1114 daAuts
     D:4: 1053 daAuts
     D:6: 1013 daAuts
     D:2: 967 daAuts
     D:7: 483 daAuts
   Sewer: 102 daAuts
  Temple: 74 daAuts
